AoeStats
← Alexspiration

Nomad

508377325Analyzed
4v4 RM · 11d ago on Sep 22, 2026· 38m 7s· 8 players
Game mode
Random Map
Map size
231×231
Population
200
Speed
Normal
Resources
Standard
Victory
Conquest
Starting age
Dark Age
Ending age
Imperial Age
RankedLock teamsTeams togetherTeam positionsShared explorationLock speedFull tech treeHidden civsTurbo modeCheats
Victory
Defeat
🇧🇷 Mapuche · Brazil
1560
+11
1542
+12
🇲🇽 Saracens · Mexico
1536
+12
🇻🇳 Byzantines · Vietnam
1408
+19
🇩🇪 Mongols · Germany
1533
-17
🇩🇪 Hindustanis · Germany
1457
-14
🇧🇷 Italians · Brazil
1431
-12
🇺🇸 Lithuanians · United States
1383
-11
_______
6:33 Loom
14:30 Feudal Age
18:40 Castle Age
17:15 Fishing Lines
18:31 Wheelbarrow
18:18 Double-Bit Axe
19:48 Bow Saw
24:48 Medium Warships
24:30 Gillnets
25:10 Hand Cart
25:38 Gold Mining
30:18 Scale Mail Armor
34:11 Imperial Age
34:14 Chain Mail Armor
34:13 Squires
Alexspiration
5:30 Loom
12:05 Feudal Age
14:03 Wheelbarrow
17:29 Castle Age
16:14 Double-Bit Axe
18:33 Horse Collar
22:24 Bow Saw
22:40 Town Watch
24:28 Gold Mining
24:40 Stone Mining
26:32 Hand Cart
32:32 Imperial Age
30:18 Fletching
31:16 Ballistics
31:01 Bodkin Arrow
32:00 Bloodlines
33:03 Husbandry
33:33 Masonry
33:28 Nomads
34:06 Padded Archer Armor
35:22 Chemistry
35:06 Parthian Tactics
35:56 Conscription
35:42 Bracer
37:05 Leather Archer Armor
37:23 Thumb Ring
Maverick
3:43 Loom
5:05 Loom
12:58 Feudal Age
17:24 Castle Age
15:30 Double-Bit Axe
18:56 Bow Saw
18:59 Town Watch
22:51 Fishing Lines
25:22 Wheelbarrow
25:33 Scale Barding Armor
25:41 Forging
27:28 Chain Barding Armor
28:18 Iron Casting
29:26 Bloodlines
33:44 Imperial Age
31:41 Padded Archer Armor
31:32 Fletching
31:32 Elite Skirmisher
33:06 Leather Archer Armor
34:25 Tower Shields
34:10 Capped Ram
35:47 Ring Archer Armor
36:09 Conscription
36:12 Pikeman
逆·风
5:18 Loom
15:15 Feudal Age
16:04 Town Watch
16:06 Double-Bit Axe
16:18 Fishing Lines
19:06 Castle Age
17:00 Stone Mining
18:53 Fletching
19:06 Padded Archer Armor
20:24 Bodkin Arrow
20:41 Bow Saw
21:30 Wheelbarrow
thefacelessz12
4:35 Loom
12:21 Feudal Age
13:01 Double-Bit Axe
14:32 Fletching
15:17 Fishing Lines
17:21 Gold Mining
21:37 Castle Age
19:32 Stone Mining
22:55 Medium Warships
23:10 Bodkin Arrow
23:30 Bow Saw
23:58 Gold Shaft Mining
27:10 Imperial Age
28:50 Wheelbarrow
28:42 Ballistics
29:29 Heavy Warships
29:05 Bracer
30:44 Elite Mameluke
33:22 Chemistry
32:28 Siege Engineers
32:04 Treadmill Crane
32:31 Siege Engineers
33:33 Scale Barding Armor
33:38 Forging
34:13 Gillnets
35:12 Chain Barding Armor
36:59 Plate Barding Armor
36:59 Iron Casting
37:00 Husbandry
37:10 Bloodlines
H 2 0
12:38 Feudal Age
13:16 Double-Bit Axe
16:16 Castle Age
17:29 Bow Saw
19:55 Wheelbarrow
19:54 Horse Collar
20:12 Gold Mining
20:56 Stone Mining
23:22 Gold Shaft Mining
27:43 Imperial Age
25:02 Loom
25:46 Hand Cart
25:28 Fishing Lines
25:52 Fletching
26:42 Bodkin Arrow
27:25 Padded Archer Armor
26:47 Crossbowman
28:31 Bracer
29:33 Chemistry
29:38 Ballistics
29:39 Thumb Ring
30:27 Conscription
30:03 Arbalester
31:00 Leather Archer Armor
33:27 Two-Man Saw
32:27 Heavy Plow
32:59 Ring Archer Armor
34:06 Crop Rotation
34:11 Treadmill Crane
35:07 Scale Barding Armor
36:00 Forging
36:14 Husbandry
36:48 Chain Barding Armor
37:58 Iron Casting
38:40 Plate Barding Armor
43 Đoàn Quốc Hưng
4:37 Loom
12:54 Feudal Age
17:35 Castle Age
16:58 Fletching
17:20 Town Watch
17:40 Double-Bit Axe
18:23 Bodkin Arrow
17:51 Crossbowman
19:02 Bodkin Arrow
21:16 Padded Archer Armor
25:10 Leather Archer Armor
26:54 Gold Mining
32:12 Wheelbarrow
37:44 Imperial Age
35:13 Stone Mining
36:37 Bow Saw
36:08 Horse Collar
37:51 Ballistics
Mr. M
5:03 Loom
14:30 Feudal Age
15:51 Double-Bit Axe
15:46 Horse Collar
18:39 Castle Age
17:18 Fletching
19:36 Bow Saw
19:24 Bodkin Arrow
24:26 Elite Skirmisher
24:51 Horse Collar
27:37 Wheelbarrow
34:30 Imperial Age
32:25 Forging
32:16 Scale Mail Armor
33:54 Iron Casting
34:23 Heavy Plow
34:52 Elite Kona
37:46 Blast Furnace
38:34 Hand Cart
Connection lost

Rejoining the realm…

Still unreachable

The connection could not be restored.

Session expired

The server has moved on; the page needs a fresh start.